 Dungeon Sprint DCSS version 0.19.4-10-g532645f (webtiles) character file.

652 Ponchio the Thaumaturge (level 7, -1/36 HPs)
             Began as a Deep Elf Fire Elementalist on Feb 23, 2017.
             Was an Elder of Vehumet.
             Hit by a tomahawk thrown by a merfolk (18 damage)
             ... in the Dungeon (Sprint V: "Ziggurat Sprint").
             The game lasted 00:07:45 (300 turns).

Ponchio the Thaumaturge (Deep Elf Fire Elementalist) Turns: 300, Time: 00:07:46

Health: -1/36      AC:  2    Str:  5    XL:     7   Next: 28%
Magic:  19/29      EV:  7    Int: 40    God:    Vehumet [****..]
Gold:   0          SH:  0    Dex: 15    Spells: 2 memorised, 22 levels left

rFire  . . .     SeeInvis .     I - +6 Majin-Bo {vamp, Archmagi MP+6 Int+6}
rCold  . . .     Gourm    .     a - +0 robe
rNeg   . . .     Faith    .     (shield currently unavailable)
rPois  .         Spirit   .     (no helmet)
rElec  .         Reflect  .     (no cloak)
rCorr  .         Harm     .     (no gloves)
MR     .....     NoTele   +     (no boots)
Stlth  ++........               (no amulet)
                                A - +6 ring of intelligence
                                B - +6 ring of intelligence

@: very slightly contaminated, held, hasted, very quick
A: no striking features
a: Renounce Religion


You were in the Dungeon.
You worshipped Vehumet.
Vehumet was greatly pleased with you.
You were not hungry.

You visited 1 branch

Inventory:

Hand Weapons
 I - the +6 Majin-Bo (weapon) {vamp, Archmagi MP+6 Int+6}
   (You found it in the Dungeon)

   It inflicts no extra harm, but heals its wielder when it wounds a living foe.
   It affects your intelligence (+6).
   It affects your magic capacity (+6).
Armour
 a - a +0 robe (worn)
Jewellery
 m - the ring of Toym Berep {rF+ Dex+3}
   (You found it in the Dungeon)

   [ring of dexterity]

   It affects your dexterity (+3).
   It protects you from fire.
 y - a +6 ring of dexterity
 z - a +6 ring of dexterity
 A - a +6 ring of intelligence (right hand)
 B - a +6 ring of intelligence (left hand)
 C - a +6 ring of strength
 D - a +6 ring of strength
 L - an uncursed ring of protection from magic
Wands
 E - a wand of disintegration (4/24)
 F - a wand of iceblast (5/15)
 G - a wand of lightning (2/15)
 H - a wand of acid (5/15)
Scrolls
 i - 4 scrolls of blinking
 p - 4 scrolls of amnesia
 q - 3 scrolls of recharging
 r - 7 scrolls of fog
 s - a scroll of holy word
 t - 5 scrolls of identify
 u - 5 scrolls of remove curse
 v - 2 scrolls of fear
Potions
 d - 10 potions of curing
 e - 12 potions of heal wounds
 f - 5 potions of haste
 g - 7 potions of magic
 h - 3 potions of berserk rage
 j - 2 potions of brilliance
 k - 2 potions of invisibility
 l - 4 potions of resistance
 n - 5 potions of agility
 o - 5 potions of might
Books
 b - a book of Flames

   Spells                             Type                      Level
   a - Flame Tongue                   Conjuration/Fire             1
   b - Throw Flame                    Conjuration/Fire             2
   c - Conjure Flame                  Conjuration/Fire             3
   d - Inner Flame                    Hexes/Fire                   3
   e - Sticky Flame                   Conjuration/Fire             4
   f - Fireball                       Conjuration/Fire             5
Comestibles
 c - 5 bread rations
 w - 39 fruits
 x - 4 meat rations


   Skills:
 + Level 2.4 Dodging
 - Level 2.4 Stealth
 + Level 11.2 Spellcasting
 + Level 9.2 Conjurations
 + Level 9.6 Fire Magic
 - Level 8.0 Evocations


You had 22 spell levels left.
You knew the following spells:

 Your Spells              Type           Power        Failure   Level  Hunger
a - Flame Tongue          Conj/Fire      #####        1%          1    None
b - Fireball              Conj/Fire      #######...   1%          5    None


Dungeon Overview and Level Annotations

Branches:
Dungeon (1/1)

Altars:
Ashenzari
Cheibriados
Dithmenos
Elyvilon
Fedhas
Gozag
Hepliaklqana
Kikubaaqudgha
Makhleb
Nemelex Xobeh
Okawaru
Qazlal
Ru
Sif Muna
Trog
Uskayaw
Vehumet
Xom
Yredelemnul
Zin
The Shining One
Beogh
Jiyva
Lugonu


Message History

The merfolk is moderately wounded.
The fireball engulfs the merfolk.
The merfolk is heavily wounded.
The merfolk shouts! x2
Casting: Fireball
Confirm with . or Enter, or press ? or * to list all spells.
Aiming: Fireball
Press: ? - help, Shift-Dir - straight line, f/p - merfolk
Aim: a merfolk, wielding a trident (heavily wounded)
You feel a surge of power!
The fireball explodes!
The fireball engulfs the merfolk.
The merfolk is almost dead.
The fireball engulfs the merfolk.
The merfolk is severely wounded.
The fireball engulfs the merfolk.
The merfolk is almost dead.
The merfolk hits you from afar with a trident!
The merfolk throws a tomahawk.
The tomahawk hits you!!
Ouch! That really hurt!
You die...

▓.....▓.....▓▓▓▓▓▓▓
▓▓▓▓▓▓▓▓▓▓▓▓▓▓▓▓▓▓▓
▓..8©8...▓..8©8...▓
▓..).|...▓..}})...▓
▓...)....▓..)m=...▓
▓........▓....mm..▓
▓........▓..mm....▓
▓........▓........▓
▓........▓...@....▓
▓▓▓▓▓▓▓▓▓▓▓▓▓▓▓▓▓▓▓


You could see 5 merfolk.

Vanquished Creatures
  A jumping spider (D)
  A tarantella (D)
  A necrophage (D)
  2 scorpions (D)
  2 wights (D)
  A shadow imp (D)
  2 adder zombies (D)
  A bat skeleton (D)
  A giant cockroach zombie (D)
  A leopard gecko zombie (D)
13 creatures vanquished.

Notes
Turn   | Place    | Note
-------+----------+-------------------------------------------
     0 | D        | Ponchio the Deep Elf Fire Elementalist began the quest for the Orb.
     0 | D        | Reached XP level 1. HP: 10/10 MP: 6/6
     0 | D        | Found a deep blue altar of Sif Muna.
     0 | D        | Found a bloodstained altar of Trog.
     0 | D        | Found a sacrificial altar of Ru.
     0 | D        | Found a stormy altar of Qazlal.
     0 | D        | Found an iron altar of Okawaru.
     1 | D        | Found a sparkling altar of Nemelex Xobeh.
     1 | D        | Found a blossoming altar of Fedhas.
     3 | D        | Found an ancient bone altar of Kikubaaqudgha.
     3 | D        | Found a viscous altar of Jiyva.
     3 | D        | Found a corrupted altar of Lugonu.
     3 | D        | Found a hazy altar of Hepliaklqana.
     3 | D        | Found a burning altar of Makhleb.
     3 | D        | Found an opulent altar of Gozag.
    87 | D        | Reached XP level 2. HP: 15/15 MP: 9/9
   104 | D        | Became a worshipper of Vehumet
   119 | D        | Entered arena 1.
   137 | D        | Entered arena 2.
   137 | D        | Noticed a necrophage
   141 | D        | Killed a necrophage
   141 | D        | Reached * piety under Vehumet
   141 | D        | Offered knowledge of Sting by Vehumet.
   141 | D        | Reached skill level 6 in Spellcasting
   141 | D        | Reached skill level 5 in Fire Magic
   141 | D        | Reached XP level 3. HP: 18/19 MP: 12/12
   141 | D        | Reached XP level 4. HP: 23/24 MP: 14/14
   158 | D        | Entered arena 3.
   160 | D        | Reached ** piety under Vehumet
   160 | D        | Reached skill level 7 in Spellcasting
   160 | D        | Reached skill level 5 in Conjurations
   160 | D        | Reached XP level 5. HP: 28/28 MP: 16/16
   171 | D        | Reached *** piety under Vehumet
   186 | D        | Learned a level 5 spell: Fireball
   202 | D        | Entered arena 4.
   202 | D        | Noticed a jumping spider
   202 | D        | Noticed a tarantella
   203 | D        | Reached skill level 8 in Spellcasting
   203 | D        | Reached skill level 9 in Spellcasting
   203 | D        | Reached XP level 6. HP: 32/32 MP: 20/20
   204 | D        | Killed a jumping spider
   204 | D        | Reached skill level 10 in Spellcasting
   204 | D        | Killed a tarantella
   204 | D        | Reached **** piety under Vehumet
   204 | D        | Reached skill level 11 in Spellcasting
   204 | D        | Reached XP level 7. HP: 30/36 MP: 20/23
   296 | D        | Got the ring of Toym Berep {rF+ Dex+3}
   297 | D        | Entered arena 5.
   297 | D        | Noticed a merfolk
   297 | D        | Noticed a merfolk
   297 | D        | Noticed a merfolk
   297 | D        | Noticed a merfolk
   297 | D        | Noticed a merfolk
   300 | D        | Hit by a tomahawk thrown by a merfolk

Skill      XL: |  1  2  3  4  5  6 |
---------------+-------------------+-----
Evocations     | 8 |  8.0
Spellcasting   | 6 7 9 11 | 11.2
Conjurations   | 4 5 7 9 |  9.2
Fire Magic     | 5 6 7 9 |  9.6
Dodging        | |  2.4
Stealth        | |  2.4

Action                   |  1- 3 |  4- 6 |  7- 9 || total
-------------------------+-------+-------+-------++-------
Melee: Quarterstaff      |     7 |    11 |       ||    18
 Cast: Fireball          |       |     1 |     3 ||     4
Evoke: Wand              |     2 |     4 |       ||     6
  Use: Potion            |     1 |       |     1 ||     2
  Eat: Fruit             |     2 |     1 |       ||     3
Armor: Plate armour      |    13 |    32 |       ||    45
